 Dungeon Crawl Stone Soup version 0.31-a0-1072-g202bf7ea07 (webtiles) character file.

Game seed: 7620455846712283403

250 CrazyBamboolord the Ruffian (level 5, -2/45 HPs)
             Began as a Draconian Shapeshifter on Nov 26, 2023.
             Was an Initiate of Wu Jian.
             Killed from afar by an oklob sapling (32 damage)
             ... with a splash of acid
             ... on level 4 of the Dungeon.
             The game lasted 00:05:20 (3676 turns).

CrazyBamboolord the Ruffian (DrSh)                  Turns: 3676, Time: 00:05:21

Health: -2/45      AC:  1    Str: 19    XL:     5   Next: 88%
Magic:  5/5        EV: 13    Int: 10    God:    Wu Jian [......]
Gold:   223        SH:  0    Dex: 16    Spells: 4/4 levels left

rFire   . .          .
                       - Unarmed
rCold   . . .        (no shield)
rNeg    . . .        (body armour unavailable)
rPois   .            (helmet currently unavailable)
rElec   .            (cloak currently unavailable)
rCorr   .            (gloves currently unavailable)
SInv    +            (boots currently unavailable)
Will    .....        (no amulet)
Stlth   +            j - +6 ring of dexterity
HPRegen 0.27/turn    q - ring of see invisible
MPRegen 0.09/turn

%: no passive effects
@: beast-form, corroded
A: beast (slay +2), AC +5, unfitting armour, cold-blooded
a: Begin Untransformation, Renounce Religion


You were on level 4 of the Dungeon.
You worshipped Wu Jian.
Wu Jian was noncommittal.
You were a hulking beast.
You visited 2 branches of the dungeon, and saw 5 of its levels.

You collected 223 gold pieces.

Inventory:

Missiles
 k - 2 throwing nets
Armour
 f - a +0 cloak
Jewellery
 j - a +6 ring of dexterity (left hand)
 p - a ring of protection from cold
 q - a ring of see invisible (right hand)
Talismans
 b - a beast talisman
 c - a flux talisman
 i - a maw talisman
Wands
 s - a wand of mindburst (14)
Scrolls
 d - 2 scrolls of revelation
 g - a scroll of brand weapon {unknown}
 h - 2 scrolls of teleportation
 n - a scroll of immolation {unknown}
 o - a scroll of fog {unknown}
 r - a scroll of enchant armour {unknown}
 t - a scroll of identify
Potions
 a - a potion of lignification
 e - a potion of resistance
 l - 2 potions of brilliance
 m - 3 potions of curing {unknown}


   Skills:
 + Level 3.2 Fighting
 + Level 3.2 Dodging
 + Level 4.1 Unarmed Combat
 + Level 4.0 Shapeshifting


You had 4 spell levels left.
You didn't know any spells.
Your spell library was empty.

Dungeon Overview and Level Annotations

Branches:
Dungeon (4/15)             Temple (1/1) D:4

Altars:
Ashenzari
Cheibriados
Dithmenos
Elyvilon
Fedhas
Gozag
Hepliaklqana
Kikubaaqudgha
Makhleb
Nemelex Xobeh
Okawaru
Qazlal
Ru
Sif Muna
Trog
Wu Jian
Xom
Yredelemnul
Zin
The Shining One

Annotations:
D:4 1 runed translucent door, exclusion: oklob sapling, Crazy Yiuf


Innate Abilities, Weirdness & Mutations

You are a hulking beast.
Your limbs bulge with bestial killing power. (Slay +2)
Your plain brown scales are hard. (AC +5)
You cannot fit into any form of body armour.
You are cold-blooded and may be slowed by cold attacks.


Message History

Level annotation: 1 runed translucent door, exclusion: oklob sapling, Crazy Yiuf
There is a staircase to the Ecumenical Temple here.
You hit the oklob sapling. You tail-slap the oklob sapling.
The oklob sapling is moderately damaged.
Unknown command.
You hit the oklob sapling.
The oklob sapling is moderately damaged.
You hit the oklob sapling.
You tail-slap the oklob sapling, but do no damage.
The oklob sapling is heavily damaged.
The oklob sapling spits acid at you. The splash of acid hits you!!
You punch the oklob sapling! You tail-slap the oklob sapling.
The oklob sapling is almost destroyed.
You hit the oklob sapling.
The oklob sapling is almost destroyed.
The oklob sapling spits acid at you. The splash of acid hits you!
* * * LOW HITPOINT WARNING * * *
Unknown command.
An oklob sapling is nearby!
You start resting.
HP restored.
You punch the plant!
The plant begins to die.
You tail-slap the plant.
The plant is lightly damaged.
A nearby plant withers and dies.
The oklob sapling spits acid at you. The splash of acid hits you!
The acid corrodes you!
You lunge at the oklob sapling.
You completely miss the oklob sapling.
The oklob sapling is moderately damaged.
There is a staircase to the Ecumenical Temple here.
You hit the oklob sapling but do no damage.
The oklob sapling is moderately damaged.
You hit the oklob sapling.
You tail-slap the oklob sapling, but do no damage.
The oklob sapling is heavily damaged.
The oklob sapling spits acid at you. The splash of acid hits you!!
Ouch! That really hurt!
You die...

..........#
.........##
........##
........#
.....<..#
#########
........#
#....P..##
.....####
#P.PPP.P.# ##..##
#.PP.PP..# ...##
##...hPPP.#
.#...#
#..P...PP.#
####.##
#..PPP.P..# #
.... ##.P..PP...#
#
##.###..######..#
# #.....## #.##
## ##..### #.#
.#### ##...# #)#
....### ###.##
##.#


You could see an oklob sapling.

Vanquished Creatures
  An ogre (D:4)
  4 gnolls (D:2)
  5 adders
  4 dart slugs (D:2)
  A worm (D:2)
  An orc (D:3)
  10 bats
  5 endoplasms
  A giant cockroach (D:3)
  8 goblins
  5 hobgoblins
  3 jackals (D:2)
  4 kobolds
  4 quokkas
  7 ball pythons
  6 frilled lizards
  4 rats
73 creatures vanquished.

Notes
Turn   | Place    | Note
-------+----------+-------------------------------------------
     0 | D:1      | CrazyBamboolord the Draconian Shapeshifter began the quest
                  | for the Orb.
     0 | D:1      | Reached XP level 1. HP: 16/16 MP: 1/1
   200 | D:1      | You fall into a shaft and drop 1 floor!
   214 | D:2      | Reached XP level 2. HP: 22/23 MP: 2/2
  1059 | D:2      | Reached XP level 3. HP: 29/29 MP: 3/3
  1100 | D:2      | Identified the +7 spear "Ethutto" {flame, *Corrode Dex+2
                  | SInv}
  1527 | D:2      | Reached XP level 4. HP: 27/36 MP: 4/4
  2427 | D:3      | Found a faded altar of an unknown god.
  2557 | D:3      | Found a broken altar of Ashenzari.
  2620 | D:3      | Reached XP level 5. HP: 42/42 MP: 5/5
  2627 | D:3      | Found an opulent altar of Gozag.
  3073 | D:4      | Found a runed translucent door.
  3074 | D:4      | Noticed Crazy Yiuf
  3159 | D:4      | Found an iron altar of Okawaru.
  3216 | D:4      | Found a staircase to the Ecumenical Temple.
  3217 | D:4      | Noticed an ogre
  3248 | D:4      | Killed an ogre
  3450 | Temple   | Entered the Ecumenical Temple
  3491 | Temple   | Became a worshipper of the Wu Jian Council
  3676 | D:4      | Killed from afar by an oklob sapling

Illustrated notes

Levels and vault maps discovered:
D:1:      dpeg_arrival_fog, layout_basic, serial_forest,
          infiniplex_forest_straight_2, infiniplex_forest_clump_cross,
          infiniplex_forest_end_3, infiniplex_forest_lined_4_way,
          infiniplex_forest_lined_2
D:2:      minmay_inner_zag, layout_loops_cross, kennysheep_path_1
D:3:      layout_loops_cross, mainiacjoe_overflow_boulevard,
          nicolae_gozag_seed_capital, basic_ecumenical_altar
D:4:      layout_rooms, old_standard_altar, minmay_temple_entry_oklob,
          nicolae_the_louvre, uniq_crazy_yiuf_cottage
Temple:   bh_familiar_temple

Skill      XL: |  1  2  3  4  5 |
---------------+----------------+-----
Dodging        | 2 3 |  3.2
Fighting       | 2 3 |  3.2
Unarmed Combat | 4 |  4.1
Shapeshifting  | 4 |  4.0

Action                     |  1- 3 |  4- 6 || total
---------------------------+-------+-------++-------
  Melee: Unarmed           |    75 |   116 ||   191
         Tailslap          |    11 |    13 ||    24
         Punch             |     4 |     1 ||     5
Ability: Lunge             |       |     1 ||     1
    Use: Scroll            |       |     4 ||     4
         Potion            |       |     1 ||     1
   Stab: Sleeping          |     3 |     3 ||     6
 Armour: Skin              |    45 |    72 ||   117
  Dodge: Dodged            |    69 |    72 ||   141

Table legend: (Time is in decaauts)
 A = Elapsed time spent in this place.
 B = Non-inter-level travel time spent in this place.
 C = Inter-level travel time spent in this place.
 D = Time resting spent in this place.
 E = Time spent auto-exploring this place.
 F = Levels seen in this place.
 G = Mean time per level.
                   A        B        C        D        E       F      G
               +--------+--------+--------+--------+--------+-----+--------+
         Total |   3662 |   3491 |    171 |    444 |   2322 |   5 |  732.4 |
       Dungeon |   3593 |   3482 |    111 |    444 |   2322 |   4 |  898.2 |
        Temple |     69 |      9 |     60 |      0 |      0 |   1 |   69.0 |
               +--------+--------+--------+--------+--------+-----+--------+

Top non-repeatable levels by time:
     D:2: 1307 daAuts
     D:1: 860 daAuts
     D:3: 724 daAuts
     D:4: 699 daAuts
  Temple: 69 daAuts
